 Dungeon Crawl Stone Soup version 0.29.0-11-gd7f09526c8 (webtiles) character file.

Game seed: 6230039516671662508

124 sanka the Ducker (level 4, -1/37 HPs)
             Began as a Demigod Arcane Marksman on Sept 5, 2022.
             Killed from afar by Natasha (3 damage)
             ... with a magic dart
             ... on level 2 of the Dungeon.
             The game lasted 00:03:03 (4307 turns).

sanka the Ducker (Demigod Arcane Marksman)          Turns: 4307, Time: 00:03:03

Health: -1/37      AC:  4    Str: 14    XL:     4   Next: 52%
Magic:  8/8        EV: 13    Int: 19    God:
Gold:   84         SH:  0    Dex: 14    Spells: 4/5 levels left

rFire   . . .      SeeInvis .   b - +0 war axe
rCold   + . .      Faith    .   (no shield)
rNeg    . . .      Spirit   .   c - +0 robe
rPois   .          Reflect  .   o - +1 helmet of the Dropbear {rC+ Str+3}
rElec   .          Harm     .   (no cloak)
rCorr   .          Rampage  .   (no gloves)
Will    .....                   (no boots)
Stlth   +.........              (no amulet)
HPRegen 0.12/turn               (no ring)
MPRegen 0.11/turn               (no ring)

@: slowed, very slow
A: high MP 1, forlorn, divine attributes
a: no special abilities


You were on level 2 of the Dungeon.
You visited 1 branch of the dungeon, and saw 2 of its levels.

You collected 84 gold pieces.


Innate Abilities, Weirdness & Mutations

You have an increased reservoir of magic. (+10% MP)
You shall have no god before yourself.
Your divine heritage dramatically boosts your attributes as you level up.


   Skills:
 + Level 2.7 Fighting
 - Level 2.0 Ranged Weapons
 + Level 3.3 Dodging
 - Level 1.0 Spellcasting
 - Level 3.0 Hexes


You had 4 spell levels left.
You knew the following spells:

 Your Spells              Type           Power      Damage    Failure   Level
z - Slow                  Hex            48%        N/A       5%          1

Your spell library contained the following spells:

 Spells                   Type           Power      Damage    Failure   Level
 Inner Flame              Hex/Fire       6%         N/A       30%         3
 Portal Projectile        Hex/Tloc       12%        N/A       30%         3
 Cause Fear               Hex            6%         N/A       47%         4

Inventory:

Hand Weapons
 a - a +1 sling
 b - a +0 war axe (weapon)
Armour
 c - a +0 robe (worn)
 o - the +1 helmet of the Dropbear (worn) {rC+ Str+3}

   Str:       It affects your strength (+3).
   rC:        It protects you from cold.
Wands
 l - a wand of flame (8)
Scrolls
 d - 2 scrolls of teleportation {unknown}
 f - 2 scrolls of identify {unknown}
 i - 2 scrolls of vulnerability {unknown}
 j - a scroll of poison {!r}
 m - 3 scrolls of immolation {unknown}
 n - a scroll of butterflies {unknown}
 q - a scroll of noise {unknown}
Potions
 e - a potion of attraction {unknown}
 g - 2 potions of heal wounds {unknown}
 h - 5 potions of curing {unknown}
 k - a potion of ambrosia {unknown}
 p - 2 potions of berserk rage {unknown}

Dungeon Overview and Level Annotations

Branches:
Dungeon (2/15)

Annotations:
D:2 Natasha

...▒ ▒.......)..▒▒▒▒▒.......▒.▒.▒
...▒ ▒..............▒.....▒▒▒.▒.▒
...▒ ▒..............▒.....▒ ▒.▒.▒
...▒ ▒...........[..▒.....▒▒▒.▒.▒
.<.▒▒▒▒▒▒▒▒.........▒.......▒.▒..
........▒ ▒.........▒▒▒▒.▒▒.▒....
▒.▒▒▒▒▒.▒ ▒.........▒ ▒.▒▒.▒...▒
▒.▒ ▒.▒ ▒▒▒▒▒▒5▒▒▒▒ ▒.....>).▒
▒.▒ ▒.▒ ▒...▒p▒ ▒▒▒▒▒▒.▒.▒ ▒.▒
▒.▒ ▒...▒h▒▒▒▒▒▒▒...<▒.▒.▒ ▒.▒░░
▒.▒▒▒▒...▒5▒....▒▒......▒.. ▒..,░
▒.........5▒....▒▒▒▒▒▒▒▒▒▒▒
▒▒▒,░░▒▒▒▒▒▒▒▒...................
,,,,░,,........▒▒▒....▒▒▒▒▒▒▒▒▒▒.
░░░░░,░▒▒▒▒▒▒▒▒▒▒▒....▒▒▒▒▒▒▒▒▒▒.
░ ░,░ ▒.....[.................. ░
░,░ ▒.▒▒▒▒▒▒▒▒▒▒▒▒▒▒▒▒▒▒▒▒▒▒▒


You could see Natasha, 2 crimson imps and a white imp (summoned).


Message History

* * * LOW HITPOINT WARNING * * *
Unknown command.
You closely miss Natasha.
Natasha is almost dead.
You hit the crimson imp. Natasha closely misses you.
The crimson imp misses you.
The crimson imp blinks!
Natasha casts a spell at you. You resist with some effort.
The crimson imp blinks!
You completely miss Natasha.
Natasha is almost dead.
You barely miss the crimson imp.
Natasha mumbles some strange words.
The crimson imp hits you.
* * * LOW HITPOINT WARNING * * *
Natasha misses you.
The crimson imp lashes its tail.
The crimson imp closely misses you. Natasha claws you.
* * * LOW HITPOINT WARNING * * *
Unknown command.
You closely miss Natasha.
Natasha is almost dead.
You miss the crimson imp. The crimson imp completely misses you.
Natasha stares at you and mumbles some strange words.
The magic dart hits you.
You die...

Action                   |  1- 3 |  4- 6 || total
-------------------------+-------+-------++-------
Melee: War axe           |       |    19 ||    19
 Fire: Sling             |   112 |    22 ||   134
 Cast: Slow              |     1 |       ||     1
Armor: Robe              |     5 |     4 ||     9
Dodge: Dodged            |    33 |    24 ||    57

Levels and vault maps discovered:
D:1:      erik_arrival_cave_to_civilisation [erik_arrival_cave_to_hall],
          layout_basic, dreamdust_ecumenical_altar_hidden_monk_grotto
D:2:      layout_basic, minmay_3d_cube, uniq_natasha, uniq_robin

Notes
Turn   | Place    | Note
-------+----------+-------------------------------------------
     0 | D:1      | sanka the Demigod Arcane Marksman began the quest for the
                  | Orb.
     0 | D:1      | Reached XP level 1. HP: 15/15 MP: 4/4
    39 | D:1      | Reached skill level 1 in Fighting
    79 | D:1      | HP: 1/16 [frozen (1)]
    83 | D:1      | Reached skill level 2 in Ranged Weapons
   389 | D:1      | Reached skill level 2 in Dodging
   414 | D:1      | Reached skill level 3 in Hexes
   422 | D:1      | Reached XP level 2. HP: 23/23 MP: 5/5
  1407 | D:2      | Identified the +1 helmet of the Dropbear {rC+ Str+3}
  1407 | D:2      | Noticed Robin
  1553 | D:1      | Reached XP level 3. HP: 26/29 MP: 6/6
  1599 | D:1      | Killed Robin
  1987 | D:2      | Reached skill level 2 in Fighting
  2349 | D:2      | Noticed Natasha
  2353 | D:2      | Killed Natasha
  2354 | D:2      | Reached skill level 3 in Dodging
  2406 | D:2      | Reached XP level 4. HP: 37/37 MP: 8/8
  2853 | D:2      | Noticed Natasha
  2863 | D:2      | Killed Natasha
  4294 | D:2      | Noticed Natasha
  4306 | D:2      | HP: 2/37 [Natasha (2)]
  4307 | D:2      | Killed from afar by Natasha

Vanquished Creatures
  Natasha (twice) (D:2)
  Robin (D:1)
  An adder (D:2)
  A worm (D:2)
  A dart slug (D:2)
  7 endoplasms (D:1)
  A giant cockroach (D:2)
  6 goblins
  6 hobgoblins
  A jackal (D:2)
  7 kobolds
  3 ball pythons
  5 frilled lizards (D:1)
  7 rats
49 creatures vanquished.
